 Dungeon Crawl Stone Soup version 0.17-a0-1115-g0372368 (webtiles) character file.

121 abixa the Cudgeler (level 5, -2/54 HPs)
             Began as an Ogre Berserker on May 23, 2015.
             Was a Priest of Trog.
             Killed from afar by an orc wizard (3 damage)
             ... with a magic dart
             ... on level 3 of the Dungeon.
             The game lasted 00:06:12 (2049 turns).

abixa the Cudgeler (Ogre Berserker)                 Turns: 2049, Time: 00:06:12

Health: -2/54      AC:  4    Str: 22    XL:     5   Next: 5%
Magic:  5/5        EV: 10    Int:  6    God:    Trog [***...]
Gold:   136        SH:  0    Dex: 10    Spells: 0 memorised, 4 levels left

rFire  . . .     SeeInvis .     n - +0 flail
rCold  . . .     Clarity  .     b - +0 animal skin
rNeg   . . .     SustAt   .     (no shield)
rPois  .         Gourm    .     (helmet restricted)
rElec  .         Spirit   .     o - +0 cloak
rCorr  .         Warding  .     (gloves unavailable)
rMut   .         Stasis   .     (boots unavailable)
MR     .....                    (no amulet)
Stlth  +.........               (no ring)
                                (no ring)

@: not resistant to hostile enchantments, very unstealthy
A: unfitting armour, tough skin 1
a: Burn Spellbooks, Berserk, Trog's Hand, Renounce Religion


You were on level 3 of the Dungeon.
You worshipped Trog.
Trog was most pleased with you.
You were near starving.

You visited 1 branch of the dungeon, and saw 3 of its levels.

You collected 136 gold pieces.

Inventory:

Hand weapons
 a - a +0 mace
 l - a cursed -1 hunting sling
 n - a +0 flail (weapon)
Missiles
 e - 13 sling bullets
 h - 72 stones (quivered)
Armour
 b - a +0 animal skin (worn)
 o - a +0 cloak (worn)
Scrolls
 f - 3 scrolls of identify {unknown}
 j - a scroll of remove curse {unknown}
 m - a scroll of recharging {unknown}
Potions
 g - a potion of heal wounds {unknown}
 i - a potion of beneficial mutation {unknown}
Comestibles
 c - 3 bread rations
 d - a slice of pizza
 k - 2 beef jerkies


   Skills:
 - Level 4.0 Fighting
 * Level 6.3 Maces & Flails
 + Level 2.8 Throwing
 - Level 2.6 Dodging


You had 4 spell levels left.
You didn't know any spells.

Dungeon Overview and Level Annotations

Branches:
Dungeon (3/15)

Altars:
Nemelex Xobeh


Innate Abilities, Weirdness & Mutations

You are too large for most types of armour.
You have tough skin (AC +1).


Message History

You sock the gnoll!
You kill the gnoll!
Trog accepts your kill.
The orc wizard points at you and mumbles some strange words.
The puff of flame hits you!
* * * LOW HITPOINT WARNING * * *
The orc wizard mumbles some strange words.
You feel troubled.
You barely miss the gnoll. The gnoll barely misses you.
You hit the gnoll but do no damage. The gnoll hits you with a flail.
* * * LOW HITPOINT WARNING * * *
The orc wizard casts a spell.
The orc wizard flickers and vanishes!
You sock the gnoll!
You kill the gnoll!
Trog accepts your kill.
You have reached level 5!
A magic dart appears from out of thin air!
The magic dart hits you!
You die...

### ##.# ###..# #.@..#
## #.##.# .# #. #)##.#
># ##.###..##.# .###
...##(###.# ...#
...(...#.### #..####
#.#(#......# ##...<##
#.#.#......#
#####..#####.(.#......#


There were no monsters in sight!

Vanquished Creatures
  Robin (D:2)
  4 gnolls (D:3)
  A worm (D:2)
  2 giant geckos
  4 orcs (D:3)
  7 bats
  3 giant cockroaches
  14 goblins
  9 hobgoblins
  A ball python (D:2)
  3 giant newts (D:2)
  6 kobolds
  A quokka (D:2)
  5 rats
61 creatures vanquished.

Vanquished Creatures (others)
  4 toadstools (D:1)
4 creatures vanquished.

Grand Total: 65 creatures vanquished

Notes
Turn   | Place    | Note
--------------------------------------------------------------
     0 | D:1      | abixa the Ogre Berserker began the quest for the Orb.
     0 | D:1      | Reached XP level 1. HP: 24/24 MP: 1/1
   256 | D:1      | Reached XP level 2. HP: 30/32 MP: 2/2
   915 | D:2      | Reached skill level 5 in Maces & Flails
   955 | D:2      | Reached skill level 1 in Throwing
   982 | D:2      | Reached XP level 3. HP: 29/39 MP: 3/3
   997 | D:2      | Found a sparkling altar of Nemelex Xobeh.
  1035 | D:2      | Acquired Trog's second power
  1310 | D:2      | Noticed Robin
  1331 | D:2      | Killed Robin
  1369 | D:2      | Reached XP level 4. HP: 23/48 MP: 4/4
  2039 | D:3      | Reached skill level 6 in Maces & Flails
  2047 | D:3      | HP: 1/48 [gnoll/flail (6)]
  2048 | D:3      | Reached XP level 5. HP: 1/54 MP: 5/5
  2049 | D:3      | Killed from afar by an orc wizard

Vault maps used:
D:1:      ldierk_walled_garden_2
D:2:      first_bread, nemelex_lonely_heart_becter, uniq_robin
D:3:      portal_sewer_entry_a

Action                   |  1- 3 |  4- 6 || total
-------------------------+-------+-------++-------
Melee: Mace              |   120 |    32 ||   152
       Flail             |       |    20 ||    20
Throw: Stone             |     7 |    24 ||    31
 Stab: Sleeping          |       |     1 ||     1
  Eat: Chunk             |     1 |     1 ||     2
